 Dungeon Crawl Stone Soup version 0.24-a0-123-ga2403f3307 (webtiles) character file.

Game seed: 17934986724072689669

22722 podrace the Carver (level 13, -4/82 (83) HPs)
             Began as an Octopode Chaos Knight on Feb 22, 2019.
             Was a High Priest of Nemelex Xobeh.
             Slain by a spiny frog (5 damage)
             ... while petrified by a basilisk
             ... on level 2 of the Lair of Beasts.
             The game lasted 00:42:28 (19852 turns).

podrace the Carver (Octopode Chaos Knight)         Turns: 19852, Time: 00:42:29

HP:   -4/82 (83)    AC:  3    Str: 11    XL:     13   Next: 2%
MP:   18/18         EV:  2    Int: 13    God:    Nemelex Xobeh [*****.]
Gold: 143           SH:  0    Dex: 16    Spells: 10/12 levels left

rFire    . . .     SeeInvis .   j - +6 scimitar (flame)
rCold    . . .     Gourm    .   y - +3 buckler
rNeg     + + +     Faith    .   (helmet restricted)
rPois    ∞         Spirit   .   m - amulet of the acrobat
rElec    .         Reflect  .   s - ring of resist corrosion
rCorr    +         Harm     .   e - ring of poison resistance
MR       .....     Clarity  +   S - ring of wizardry
Stlth    ++++......             (no ring)
HPRegen  0.23/turn              (no ring)
MPRegen  0.16/turn              (no ring)
                                (no ring)
                                (no ring)

@: petrified
A: almost no armour, stealthy swim, amphibious, 8 rings, constrict 8, antennae
1, molten scales 1, camouflage 1, clarity, dopey 1, frail 1, low mp 1, screaming
1, gelatinous body 1
a: Draw Escape, Draw Destruction, Draw Summoning, Triple Draw, Deal Four, Stack
Five, Renounce Religion


You were on level 2 of the Lair of Beasts.
You worshipped Nemelex Xobeh.
Nemelex Xobeh was extremely pleased with you.
You were hungry.

You visited 3 branches of the dungeon, and saw 14 of its levels.

You collected 1043 gold pieces.
You spent 900 gold pieces at shops.

Inventory:

Hand Weapons
 g - the +1 broad axe of Viqal {elec, rElec rPois rF-}
   (You found it on level 11 of the Dungeon)

   Occasionally, upon striking a foe, it will discharge some electrical energy
   and cause terrible harm.
   It makes you vulnerable to fire.
   It insulates you from electricity.
   It protects you from poison.
 j - a +6 scimitar of flaming (weapon)
 v - a +0 scimitar
Missiles
 I - 4 poisoned tomahawks (quivered)
 M - 4 throwing nets {!f}
Armour
 y - a +3 buckler (worn)
Jewellery
 e - a ring of poison resistance (right tentacle)
 m - an amulet of the acrobat (around mantle)
 s - a ring of resist corrosion (left tentacle)
 B - the amulet of the Ninety-Nine Mice {Inacc +Inv, unknown}
   (You found it on level 1 of the Lair of Beasts)

   [amulet of inaccuracy]

   It reduces the accuracy of all your attacks.
   It lets you turn invisible.
 S - a ring of wizardry (on tentacle)
Wands
 i - a wand of digging (6)
 n - a wand of flame (48)
 q - a wand of iceblast (11)
 w - a wand of disintegration (11)
 N - a wand of acid (2)
 R - a wand of paralysis (19)
Scrolls
 h - a scroll of holy word
 l - 4 scrolls of remove curse {@r2}
 p - 2 scrolls of enchant armour
 t - 4 scrolls of fear
 u - 2 scrolls of magic mapping
 C - 2 scrolls of enchant weapon
 D - 5 scrolls of fog
 E - 8 scrolls of teleportation {@r3}
 H - 4 scrolls of blinking
Potions
 c - 6 potions of lignification
 d - a potion of ambrosia
 f - 10 potions of curing {@q1}
 k - 5 potions of flight {unknown}
 o - 4 potions of brilliance
 x - 2 potions of haste
 z - 3 potions of might
 A - 2 potions of berserk rage {unknown}
 J - a potion of agility {unknown}
 Q - 4 potions of mutation {unknown}
 T - a potion of heal wounds
Comestibles
 b - 44 rations


   Skills:
 * Level 10.3 Fighting
 + Level 11.4 Long Blades
 * Level 10.8 Dodging
 - Level 4.0 Stealth
 - Level 4.9 Shields
 - Level 9.4 Invocations
 + Level 5.3 Evocations


You had 10 spell levels left.
You knew the following spells:

 Your Spells              Type           Power        Failure   Level  Hunger
a - Passwall              Tmut/Erth      #.......     19%         2    ###....

Your spell library contained the following spells:

 Spells                   Type           Power        Failure   Level  Hunger
 Flame Tongue             Conj/Fire      #....        12%         1    ##.....
 Sandblast                Erth           #.....       12%         1    ##.....
 Throw Flame              Conj/Fire      #.....       19%         2    ###....
 Conjure Flame            Conj/Fire      #.......     34%         3    ####...
 Inner Flame              Hex/Fire       #.......     34%         3    ####...
 Stone Arrow              Conj/Erth      #.....       34%         3    ####...
 Petrify                  Tmut/Erth      #.......     73%         4    #####..
 Sticky Flame             Conj/Fire      #.......     73%         4    #####..
 Fireball                 Conj/Fire      #.........   96%         5    ######.
 Lee's Rapid Deconstruct  Erth           #.........   96%         5    ######.


Dungeon Overview and Level Annotations

Branches:
Dungeon (11/15)            Temple (1/1) D:4            Lair (2/6) D:9
    Orc (0/2) D:11
  Swamp: Lair:2-4    Shoals: Lair:2-4     Snake: Lair:2-4    Spider: Lair:2-4

Altars:
Ashenzari
Cheibriados
Dithmenos
Elyvilon
Fedhas
Gozag
Hepliaklqana
Kikubaaqudgha
Makhleb
Nemelex Xobeh
Okawaru
Qazlal
Ru
Sif Muna
Trog
Uskayaw
Vehumet
Wu Jian
Xom
Yredelemnul
Zin
The Shining One

Shops:
D:4 ?   D:9 *[}(


Innate Abilities, Weirdness & Mutations

You cannot wear most types of armour.
You are very stealthy in the water. (Stealth+)
You are amphibious.
You can wear up to eight rings at the same time.
You can use your tentacles to constrict eight enemies at once.
Your skin changes colour to match your surroundings (Stealth+).
Your rubbery body absorbs attacks. (AC +1, EV +1)
You have a pair of small antennae on your head.
You are partially covered in molten scales. (AC +2)
You possess an exceptional clarity of mind.
You are dopey. (Int -2)
You are frail. (-10% HP)
Your magical capacity is low. (-10% MP)
You occasionally shout uncontrollably at your foes.


Message History

The basilisk bites the fungus.
The spiny frog stings you!! The porcupine bites you!
* * * LOW HITPOINT WARNING * * *
The basilisk bites the fungus!
The fungus is destroyed!
The spiny frog barely misses you. The porcupine bites you!
* * * LOW HITPOINT WARNING * * *
The spiny frog stings you!!
* * * LOW HITPOINT WARNING * * *
The porcupine bites you!
* * * LOW HITPOINT WARNING * * *
The spiny frog stings you!
* * * LOW HITPOINT WARNING * * *
The basilisk gazes at you. The porcupine bites you!
* * * LOW HITPOINT WARNING * * *
The spiny frog stings you!
You die...
Xom roars with laughter!
Your body disappears without a glow.

#...## ## ####P.P..# ##
##.##..PP..P.##.##.#.#P#.
.......PP..P.............
#......P..PP.........PPPP
#......PP.PP.......).PPPP
#......PPPPP........PPPP
.......FPPP........PPPPPP
#......l@...........PPPPP
#......r..+..........P.PP
.......##.#......#...PPPP
#............##.##....PPP
#.............####..##...
.............## ##..####.
.............# #...###..
............# #...##...
........# #........


You could see a spiny frog, a basilisk and a porcupine.

Vanquished Creatures
  2 hydras
  Harold (D:7)
  Erica (D:11)
  2 two-headed ogres
  Pikel (D:7)
  An ugly thing (D:11)
  An orc knight (D:11)
  3 oklob plants (Lair:1)
  A manticore (D:11)
  A black mamba (Lair:1)
  Maurice (D:11)
  4 spiny frogs
  2 komodo dragons
  A troll (D:10)
  A polar bear (Lair:2)
  2 dream sheep (D:8)
  2 hippogriffs
  Sigmund (D:3)
  2 wyverns
  15 yaks
  A basilisk (Lair:1)
  A hungry ghost (D:9)
  A steam dragon (D:10)
  Duvessa (D:7)
  4 water moccasins
  3 orc warriors (D:11)
  6 porcupines
  7 ice beasts
  4 sky beasts
  3 slaves
  5 black bears
  2 necrophages
  5 ogres
  2 phantoms (D:10)
  A centaur (D:9)
  2 wolves (D:9)
  6 crocodiles
  4 big kobolds
  A gnoll sergeant (D:9)
  6 bullfrogs
  Dowan (D:7)
  3 scorpions
  11 killer bees
  A howler monkey (D:6)
  6 crimson imps
  3 bullfrog zombies
  A centaur zombie (D:6)
  2 quasits
  3 centaur skeletons
  8 hounds
  6 jellies
  6 orc priests
  3 bullfrog skeletons
  Natasha (thrice) (D:2)
  3 iguanas
  6 orc wizards
  10 worker ants
  A killer bee zombie (D:10)
  3 worker ant zombies
  15 adders
  2 howler monkey skeletons
  8 gnolls
  A shadow imp (D:11)
  3 oozes
  An adder zombie (D:5)
  An adder skeleton (D:4)
  A worm (D:4)
  4 dart slugs
  8 leopard geckos
  46 orcs
  8 bats
  5 giant cockroaches
  10 goblins
  14 hobgoblins
  14 jackals
  11 quokkas
  A ball python (D:3)
  6 frilled lizards
  18 kobolds
  A leopard gecko skeleton (D:5)
  22 rats
  3 plants (Lair:1)
393 creatures vanquished.

Vanquished Creatures (collateral kills)
  An ugly thing (D:11)
  A hornet (D:11)
  10 yaks
  A porcupine (D:9)
  An ice beast (D:8)
  A slave (D:7)
  3 orc warriors
  A crocodile (D:9)
  A big kobold (D:8)
  A bullfrog (D:11)
  2 killer bees (D:8)
  A crimson imp (D:11)
  A bullfrog zombie (D:8)
  An orc priest (D:11)
  A jelly (D:11)
  An adder skeleton (D:8)
  3 orcs (D:11)
  A hobgoblin (D:11)
  A goblin (D:11)
  A kobold (D:11)
34 creatures vanquished.

Vanquished Creatures (others)
  A hydra (D:11)
  A komodo dragon (D:11)
  2 killer bees (D:8)
  A ball lightning (D:7)
  A bush (D:9)
  4 fungi
  6 plants
16 creatures vanquished.

Grand Total: 443 creatures vanquished

Notes
Turn   | Place    | Note
-------+----------+-------------------------------------------
     0 | D:1      | podrace the Octopode Chaos Knight began the quest for the
                  | Orb.
     0 | D:1      | Reached XP level 1. HP: 16/16 MP: 1/1
    28 | D:1      | Reached skill level 1 in Stealth
    64 | D:1      | Reached XP level 2. HP: 14/21 MP: 2/2
   128 | D:1      | XOM: silly message
   247 | D:1      | XOM: swap monsters
   324 | D:1      | XOM: harmless Necr miscast
   342 | D:1      | XOM: harmless Tmut miscast
   670 | D:1      | Reached XP level 3. HP: 26/26 MP: 3/3
   839 | D:1      | XOM: mild Conj miscast
  1085 | D:1      | XOM: give mutations
  1085 | D:1      | Gained mutation: You occasionally shout uncontrollably at
                  | your foes. [Xom's mischief]
  1085 | D:1      | Gained mutation: You are frail. (-10% HP) [Xom's mischief]
  1236 | D:2      | Found a deep blue altar of Sif Muna.
  1414 | D:2      | XOM: medium Fire miscast
  1752 | D:2      | Noticed Natasha
  1764 | D:2      | Killed Natasha
  1764 | D:2      | Reached XP level 4. HP: 13/27 MP: 4/4
  1833 | D:2      | XOM: summons 2 hostile shadow creatures
  2053 | D:2      | XOM: stat loss: -1 Str (10/11)
  2153 | D:2      | Noticed Natasha
  2155 | D:2      | XOM: smoke on damage
  2158 | D:2      | Killed Natasha
  2158 | D:2      | Reached XP level 5. HP: 23/32 MP: 5/5
  2204 | D:2      | XOM: medium Summ miscast
  2205 | D:2      | Noticed an orange demon
  2260 | D:2      | Noticed Natasha
  2310 | D:2      | XOM is BORED!
  2310 | D:2      | XOM: medium Pois miscast
  2656 | D:2      | XOM: give mutations
  2656 | D:2      | Gained mutation: You possess an exceptional clarity of
                  | mind. [Xom's mischief]
  2656 | D:2      | Gained mutation: You are very frail. (-20% HP) [Xom's
                  | mischief]
  2656 | D:2      | Lost mutation: You are very frail. (-20% HP) [Xom's
                  | mischief]
  2656 | D:2      | Gained mutation: You are dopey. (Int -2) [Xom's mischief]
  3110 | D:2      | Killed Natasha
  3110 | D:2      | Reached skill level 4 in Long Blades
  3321 | D:3      | XOM: smoke on damage
  3475 | D:3      | XOM: 2-stop teleportation journey
  3591 | D:3      | Found Zin's Purification Station.
  3612 | D:3      | Found a glowing silver altar of Zin.
  3621 | D:3      | Bought a potion of curing for 90 gold pieces
  3729 | D:3      | XOM: smoke on damage
  3732 | D:3      | Reached XP level 6. HP: 24/38 MP: 6/6
  4276 | D:3      | XOM: mild Erth miscast
  4346 | D:3      | Noticed Sigmund
  4353 | D:3      | Killed Sigmund
  4353 | D:3      | Reached skill level 5 in Dodging
  4355 | D:3      | Found a shattered altar of Ashenzari.
  4369 | D:3      | Found an ancient bone altar of Kikubaaqudgha.
  4472 | D:3      | XOM: mild Chrm miscast
  4477 | D:3      | XOM: enchant monster (good)
  4481 | D:3      | Reached XP level 7. HP: 35/44 MP: 7/7
  4616 | D:3      | XOM: give mutations
  4616 | D:3      | Gained mutation: You are partially covered in molten
                  | scales. (AC +2) [Xom's grace]
  4616 | D:3      | Gained mutation: You have a pair of small antennae on your
                  | head. [Xom's grace]
  4804 | D:4      | XOM: cast spell 'Ring of Flames'
  4946 | D:4      | XOM: summons 1 hostile demon
  5065 | D:4      | Found Zaguptem's Magic Scroll Shoppe.
  5090 | D:4      | Bought a scroll of fog for 28 gold pieces
  5090 | D:4      | Bought a scroll of teleportation for 42 gold pieces
  5090 | D:4      | Bought a scroll of fear for 49 gold pieces
  5093 | D:4      | Bought a scroll of noise for 14 gold pieces
  5118 | D:4      | Found a staircase to the Ecumenical Temple.
  5151 | Temple   | Entered the Ecumenical Temple
  5200 | Temple   | XOM: 3-stop teleportation journey
  5237 | Temple   | Fell from the grace of Xom
  5237 | Temple   | Became a worshipper of Nemelex Xobeh the Trickster
  5328 | D:4      | Received a gift from Nemelex Xobeh
  5410 | D:4      | Reached skill level 1 in Invocations
  5513 | D:5      | Entered Level 5 of the Dungeon
  5541 | D:5      | Found a white marble altar of Elyvilon.
  5549 | D:5      | XOM: mild Chrm miscast
  5640 | D:5      | Reached skill level 5 in Fighting
  5667 | D:5      | Reached XP level 8. HP: 39/49 MP: 9/9
  5797 | D:5      | Found a stormy altar of Qazlal.
  5804 | D:5      | Reached * piety under Nemelex Xobeh
  6057 | D:5      | XOM: medium Tloc miscast
  6130 | D:5      | XOM: 4-stop teleportation journey
  6158 | D:5      | Found a basalt altar of Yredelemnul.
  6216 | D:5      | Found an ornate altar of the Wu Jian Council.
  6314 | D:5      | Found a blossoming altar of Fedhas.
  6315 | D:5      | Received a gift from Nemelex Xobeh
  6820 | D:5      | Found a snail-covered altar of Cheibriados.
  6820 | D:5      | Found a hazy altar of Hepliaklqana.
  6834 | D:5      | XOM: summons 2 hostile demons
  7023 | D:6      | XOM: draining
  7074 | D:6      | Noticed a +0 dagger
  7074 | D:6      | Noticed a -1 dagger
  7075 | D:6      | Found a hide-covered altar of Uskayaw.
  7265 | D:6      | XOM: summons 4 hostile demons
  7299 | D:6      | XOM: 1-stop teleportation journey
  7386 | D:6      | Reached skill level 1 in Shields
  7938 | D:6      | Received a gift from Nemelex Xobeh
  8076 | D:6      | Reached ** piety under Nemelex Xobeh
  8278 | D:4      | Bought a scroll of blinking for 105 gold pieces
  8278 | D:4      | Bought a scroll of identify for 28 gold pieces
  8444 | D:7      | Reached skill level 5 in Invocations
  8444 | D:7      | Reached XP level 9. HP: 28/55 MP: 12/12
  8509 | D:7      | XOM: severe Erth miscast
  8757 | D:7      | Noticed Pikel
  8768 | D:7      | Noticed a hellwing
  9003 | D:7      | Killed Pikel
  9021 | D:7      | Noticed Harold
  9025 | D:7      | Killed Harold
  9025 | D:7      | Reached skill level 5 in Long Blades
  9182 | D:7      | XOM: noise
  9197 | D:7      | Identified the +2 leather armour of the Fifty Eyes {rElec}
  9197 | D:7      | Noticed Dowan
  9210 | D:7      | Noticed Duvessa
  9219 | D:7      | Killed Duvessa
  9242 | D:7      | Killed Dowan
  9242 | D:7      | Reached skill level 6 in Long Blades
  9558 | D:7      | Received a gift from Nemelex Xobeh
  9843 | D:8      | XOM: summons 13 hostile demons
  9879 | D:7      | XOM: mild Fire miscast
 10170 | D:8      | Reached XP level 10. HP: 52/62 MP: 14/14
 10201 | D:8      | XOM: 2-stop teleportation journey
 10439 | D:8      | Reached skill level 7 in Long Blades
 10439 | D:8      | Noticed a two-headed hydra
 10453 | D:8      | Killed a three-headed hydra
 10722 | D:8      | Noticed a two-headed ogre
 10740 | D:8      | Killed a two-headed ogre
 10744 | D:8      | Reached skill level 8 in Long Blades
 11029 | D:8      | XOM: mild Erth miscast
 11557 | D:9      | Found Zism's General Store.
 11586 | D:9      | Bought a scroll of fear for 52 gold pieces
 11586 | D:9      | Bought a scroll of identify for 30 gold pieces
 11602 | D:9      | Found Tazxacw's Antique Armour Boutique.
 11617 | D:9      | Found Litaaske's Gadget Boutique.
 11794 | D:9      | Reached skill level 9 in Long Blades
 11794 | D:9      | Reached XP level 11. HP: 55/69 MP: 17/17
 11975 | D:9      | HP: 3/69 [gnoll sergeant/+3 trident of flaming (12)]
 11992 | D:9      | XOM: mild Hex miscast
 12085 | D:9      | XOM: noise
 12121 | D:9      | XOM: 1-stop teleportation journey
 12196 | D:9      | XOM: medium Tmut miscast
 12216 | D:9      | Gained mutation: Your magical capacity is low. (-10% MP)
                  | [mutagenic glow]
 12417 | D:9      | XOM: cloud trail
 12451 | D:9      | XOM: mild Conj miscast
 12451 | D:9      | Was forgiven by Xom
 12586 | D:9      | Reached *** piety under Nemelex Xobeh
 13075 | D:9      | Identified the cursed +0 leather armour of Anop {rF+ Int+3}
 13114 | D:9      | Found Goh Usm's Weapon Shop.
 13141 | D:9      | Noticed a two-headed ogre
 13151 | D:9      | Killed a two-headed ogre
 13310 | D:9      | Found a staircase to the Lair.
 13436 | D:9      | Received a gift from Nemelex Xobeh
 13469 | D:9      | Found an iron altar of Okawaru.
 13622 | D:10     | Entered Level 10 of the Dungeon
 14005 | D:10     | Reached skill level 1 in Evocations
 14102 | D:10     | Received a gift from Nemelex Xobeh
 14814 | D:10     | Reached skill level 10 in Long Blades
 15581 | D:11     | Noticed a cyclops
 15608 | D:11     | a cyclops changed into a komodo dragon
 15648 | D:11     | Got a transparent broad axe
 15681 | D:11     | Noticed an eight-headed hydra
 15702 | D:11     | Killed a seven-headed hydra
 15811 | D:11     | Noticed a manticore
 15815 | D:11     | Killed a manticore
 15836 | D:11     | Identified the +1 broad axe of Viqal {elec, rElec rPois
                  | rF-} (You found it on level 11 of the Dungeon)
 15931 | D:11     | Noticed an orc knight
 15953 | D:11     | Noticed a white ugly thing
 15955 | D:11     | Reached XP level 12. HP: 57/75 MP: 16/16
 15983 | D:11     | Noticed a six-headed hydra
 15989 | D:11     | Killed a six-headed hydra
 15993 | D:11     | Noticed Erica
 16011 | D:11     | Noticed Maurice
 16024 | D:11     | Killed Erica
 16031 | D:11     | Paralysed by something for 5 turns
 16384 | D:11     | Received a gift from Nemelex Xobeh
 16640 | D:11     | Paralysed by something for 2 turns
 16666 | D:11     | Killed Maurice
 16857 | D:11     | Found a staircase to the Orcish Mines.
 17436 | D:11     | Reached skill level 11 in Long Blades
 17758 | D:11     | Reached **** piety under Nemelex Xobeh
 18067 | D:11     | Learned a level 2 spell: Passwall
 18147 | D:9      | Bought a wand of digging (6) for 220 gold pieces
 18147 | D:9      | Bought a wand of iceblast (8) for 132 gold pieces
 18147 | D:9      | Bought a wand of iceblast (6) for 110 gold pieces
 18164 | Lair:1   | Entered Level 1 of the Lair of Beasts
 18177 | Lair:1   | Reached skill level 10 in Dodging
 18385 | Lair:1   | Received a gift from Nemelex Xobeh
 18838 | Lair:1   | Reached skill level 10 in Fighting
 18921 | Lair:1   | Reached skill level 5 in Evocations
 18935 | Lair:1   | Got a faintly glowing ruby amulet
 19294 | Lair:1   | Received a gift from Nemelex Xobeh
 19697 | Lair:2   | Reached XP level 13. HP: 72/81 MP: 18/18
 19771 | Lair:2   | Received a gift from Nemelex Xobeh
 19790 | Lair:2   | Reached ***** piety under Nemelex Xobeh
 19852 | Lair:2   | HP: 1/82 [porcupine (5)]
 19852 | Lair:2   | Slain by a spiny frog

Levels and vault maps discovered:
D:1:      ncdulo_smallfort, layout_basic
D:2:      layout_basic, serial_rivers, chequers_serial_rivers_micro_d,
          chequers_serial_rivers_small_3, chequers_serial_rivers_marsh,
          chequers_serial_rivers_small_a, lemuel_blue_sif_altar, uniq_natasha
D:3:      layout_rooms, zin_purify, minitemple, first_ration, minmay_rat_hole,
          uniq_sigmund
D:4:      layout_rooms, minmay_temple_entry_statues_fountains, serial_shops,
          nicolae_shop_waterfront
D:5:      layout_basic, kennysheep_ying_yang, lemuel_doored_altar,
          lemuel_round_altar, grunt_qazlal_sundering,
          amethyst_overflow_temple_binary, minmay_fractal_squares_diagonal_5
D:6:      layout_basic, dancing_weapons_uskayaw, minmay_misc_feat_roman
D:7:      layout_loops_ring, uniq_duvessa, uniq_pikel, uniq_harold
D:8:      layout_gridville, hangedman_ranch [blue_anna_fruit_fields]
D:9:      layout_roguey, okawaru_ov_weapons_minmay, minmay_lair_entry_grove,
          serial_shops, shop, shop, nicolae_shop_crystal, shop
D:10:     hangedman_cross_stitches, layout_basic, grunt_decor_one_mirror
D:11:     cheibrodos_orc_bank, layout_irregular_city, erik_orc_3,
          minmay_the_grid_square_5x5_3x3_mashed
          [minmay_the_grid_square_5x5_detours,
          minmay_the_grid_square_5x5_beaten_path,
          minmay_the_grid_square_5x5_hourglass,
          minmay_the_grid_square_5x5_checkered_statues,
          minmay_the_grid_square_5x5_megaprize_hollow,
          minmay_the_grid_square_5x5_fancy_junction,
          minmay_the_grid_square_5x5_two_walls_b, minmay_the_grid_square_5x5_c,
          minmay_the_grid_square_5x5_trominoes], uniq_erica, uniq_maurice
Temple:   jpeg_temple_alley_garden
Lair:1:   layout_regular_city, minmay_lair_oklob_chamber, grunt_megastairs_3
Lair:2:   layout_chaotic_city, serial_forest, infiniplex_forest_straight_1,
          infiniplex_forest_straight_4, infiniplex_forest_end_1,
          infiniplex_forest_clump_medium, infiniplex_forest_clump_large

Skill      XL: |  1  2  3  4  5  6  7  8  9 10 11 12 |
---------------+-------------------------------------+-----
Stealth        | 2 4 |  4.0
Dodging        | 3 4 5 6 7 9 10 | 10.8
Long Blades    | 4 6 9 10 11 | 11.4
Fighting       | 4 5 6 8 9 10 | 10.3
Invocations    | 2 5 6 8 9 |  9.4
Shields        | 2 4 |  4.9
Evocations     | 2 5 |  5.3

Action                   |  1- 3 |  4- 6 |  7- 9 | 10-12 | 13-15 || total
-------------------------+-------+-------+-------+-------+-------++-------
Melee: Falchion          |    48 |   135 |   260 |   500 |       ||   943
       Tentacles         |    12 |    22 |    62 |   139 |     4 ||   239
       Constrict         |     9 |    30 |    76 |    93 |     3 ||   211
       Unarmed           |       |       |     6 |       |       ||     6
       Scimitar          |       |       |       |   128 |     9 ||   137
 Abil: Draw Destruction  |       |       |    11 |    30 |       ||    41
       Draw Summoning    |       |       |     2 |    11 |       ||    13
Evoke: Wand              |       |       |     6 |    22 |       ||    28
  Use: Potion            |     1 |       |     1 |       |       ||     2
       Scroll            |       |     5 |     8 |     9 |       ||    22
 Stab: Sleeping          |     9 |     6 |    16 |     8 |     1 ||    40
       Distracted        |       |     2 |     1 |     1 |       ||     4
       Paralysed         |       |     1 |     7 |     6 |       ||    14
       Confused          |       |       |     1 |       |       ||     1
       Petrified         |       |       |       |     1 |       ||     1
  Eat: Ration            |     1 |       |     1 |       |       ||     2
       Chunk             |       |     8 |    15 |    30 |       ||    53
Armor: Skin              |     2 |     9 |    28 |    32 |     3 ||    74
Dodge: Dodged            |    34 |    93 |   213 |   382 |     8 ||   730
Block: Buckler           |       |       |    26 |   158 |     2 ||   186
       Rpst.: Falchion   |    12 |    23 |    60 |    79 |       ||   174
       Scimitar          |       |       |       |    23 |       ||    23

Table legend:
 A = Non-vault XP
 B = Vault XP
 C = Vault XP percentage of total XP
 D = Non-vault monster count
 E = Vault monster count
 F = Vault count percentage of total count
                 A         B        C        D         E       F
            +---------+---------+-------+---------+---------+-------
      Total |   19268 |   13193 |  40.6 |     313 |     111 |  26.2
            +---------+---------+-------+---------+---------+-------
        D:1 |      50 |       0 |   0.0 |      23 |       0 |   0.0
        D:2 |     179 |      37 |  17.1 |      32 |       1 |   3.0
        D:3 |     173 |     243 |  58.4 |      29 |      20 |  40.8
        D:4 |     337 |       0 |   0.0 |      18 |       0 |   0.0
        D:5 |     396 |       4 |   1.0 |      19 |       2 |   9.5
        D:6 |     804 |       0 |   0.0 |      22 |       0 |   0.0
        D:7 |     237 |    1805 |  88.4 |      10 |       4 |  28.6
        D:8 |    2177 |    2050 |  48.5 |      32 |       8 |  20.0
        D:9 |    2959 |    1294 |  30.4 |      38 |      12 |  24.0
       D:10 |    2712 |     934 |  25.6 |      19 |      11 |  36.7
       D:11 |    5002 |    3045 |  37.8 |      49 |      39 |  44.3
     Lair:1 |    2783 |    3781 |  57.6 |      14 |      14 |  50.0
     Lair:2 |    1459 |       0 |   0.0 |       8 |       0 |   0.0
            +---------+---------+-------+---------+---------+-------
